Unix NetHack Version 5.0.0-0 post-release - last build May 10 2026 23:12:36 (d1fa5d53e341ca933230fdaa984d921c805b60aa,branch:main).

Game began 2026-05-15 15:00:41, ended 2026-05-15 15:25:34.

Draagus, neutral female human Monk

  -----         ---------
  |<..---  ------...).).-     -------
  |.....---|.........--..|    |.....|
  --..|....|.-------- |..|    |.._..|
   --.|-.....----     |..|    |.....|  ------
    --|......%..|---  |..--   ---|---  |..).------
      ----.|....|..----...--    |.|    |..|......---+-.      --        --+-
         -----..|....|.....|--- |.|    |..|%--.-.....%..    ..............|
      ------ |..|..........|..---.--   ---|.-@.--.......     -------+--  --
      |!%%%| --.|....---...|.......-----  .....  ...{%..
      |....|  |.|......|...|...........---...    -......
      ---|--------....-------...---......-|.|------....-
   ------.---...-|...-|..|..|-...|..--....|.--..| ..|..
   |..|-.........|.%--|..|..|--.....-.....|.....|   --.
   |..-...............-.---|-----%..|..........-|
  -----.....{....----%%.%..........--...G.......|
  |..............-- |-..-.------..|.........--..|
  |.-----.........| |.....|.!((|  --.......------
  |...|  -..------- |.....-.%(.|   ---...---
  |.).|  ----       ------|.(((|     -----
   ----                   ------
Draagus the Initiate            St:16 Dx:14 Co:15 In:10 Wi:14 Ch:9  Neutral
Dlvl:6  $:34 HP:0(34) Pw:29(29) AC:-1 Xp:6 T:2128 

Latest messages:
 The gnomish wizard points all around, then curses.
 The gnomish wizard points all around, then curses.
 You kill the gnomish wizard!
 You see here 11 runed arrows.
 You hear someone praising Chih Sung-tzu.
 You hear crashing rock.
 You hear crashing rock.
 You hear crashing rock.
 You hear crashing rock.
 The dwarf swings her broad pick.
 The dwarf misses!
 The dwarf swings her pick-axe.
 The dwarf hits!
 The dwarf swings her broad pick.
 The dwarf misses!
 You hit the dwarf!
 The dwarf swings her broad pick.
 The dwarf hits!
 You kill the dwarf!
 The dwarf swings her pick-axe.
 The dwarf hits!
 You kill the dwarf!
 There are several objects here.
 There are several objects here.
 You see here a gnomish wizard corpse.
 Pick a monster, object or location.
          can be many things (stone)
 The gnome thrusts his broad short sword.
 The gnome misses!
 You kill the gnome!
 There are several objects here.
 You hear the chime of a cash register.
 The bugbear just misses!
 You hit the bugbear!
 The bugbear hits!
 You miss the bugbear.
 You hit the bugbear!
 You kill the bugbear!
 You hit the spotted jelly!
 You hit the spotted jelly!
 You hit the spotted jelly!
 You are splashed by the spotted jelly's acid!
 You kill the spotted jelly!
 You are splashed by the spotted jelly's acid!
 You die...
 Do you want your possessions identified? [ynq] (y) y
 Do you want to see your attributes? [ynq] (y) y
 Do you want an account of creatures vanquished? [ynaq] (y) y
 Do you want to see your conduct and achievements? [ynq] (y) y
 Do you want to see the dungeon overview? [ynq] (y) y

Inventory:
 Coins    ('$')
  $ - 34 gold pieces
 Amulets  ('"')
  o - an uncursed amulet of flying
  D - an uncursed amulet of guarding (being worn)
 Weapons  (')')
  I - a blessed +2 dagger
 Armor    ('[')
  O - an uncursed +0 dwarvish iron helm
  a - an uncursed +2 pair of leather gloves (being worn)
  F - a blessed +1 pair of iron shoes (being worn)
  P - an uncursed +1 pair of iron shoes
  b - an uncursed +1 robe (being worn)
 Comestibles  ('%')
  g - 5 uncursed apples
  v - an uncursed cram ration
  f - 2 uncursed food rations
  t - 2 cursed food rations
  i - 4 uncursed fortune cookies
  h - 5 uncursed oranges
  m - an uncursed lichen corpse
 Scrolls  ('?')
  E - an uncursed scroll of fire
 Spellbooks  ('+')
  j - a blessed spellbook of healing
 Potions  ('!')
  s - an uncursed potion of blindness
  J - an uncursed potion of hallucination
  e - a blessed potion of healing
  d - 2 uncursed potions of healing
  q - 3 uncursed potions of object detection
  C - an uncursed potion of water
  p - a potion of unholy water
 Rings    ('=')
  z - an uncursed ring of see invisible
 Wands    ('/')
  A - a wand of cold named Cold (0:4)
  H - a wand of create monster (0:12)
  G - a wand of polymorph (0:5)
 Tools    ('(')
  r - a magic marker (0:62)
  Q - an uncursed oil lamp
 Gems/Stones  ('*')
  n - an uncursed obsidian stone
  u - a cursed worthless piece of orange glass
  N - an uncursed worthless piece of white glass
  K - an uncursed worthless piece of yellow glass
  B - 2 uncursed worthless pieces of yellowish brown glass

Draagus the Monk's attributes:

Background:
 You were an Initiate, a level 6 female human Monk.
 You were neutral, on a mission for Chih Sung-tzu
 who was opposed by Shan Lai Ching (lawful) and Huan Ti (chaotic).
 You were left-handed.
 You were in the Gnomish Mines, on level 6.
 You entered the dungeon 2128 turns ago.
 You had 489 experience points, 151 more were needed to attain level 7.

Basics:
 You had 0 out of 34 hit points.
 You had all 29 energy points (spell power).
 Your armor class was -1.
 Your wallet contained 34 zorkmids.
 Autopickup was off.

Final Characteristics:
 Your strength was 16 (limit:18/100).
 Your dexterity was 14 (limit:18).
 Your constitution was 15 (limit:18).
 Your intelligence was 10 (limit:18).
 Your wisdom was 14 (limit:18).
 Your charisma was 9 (limit:18).

Final Status:
 You weren't hungry.
 You were unencumbered.
 You were empty handed.
 You were skilled in martial arts.

Final Attributes:
 You were piously aligned.
 You were sleep resistant.
 You were poison resistant.
 You saw invisible.
 You were stealthy.
 You had a small defense bonus (+2).
 You were protected.
 Your spell casting was enhanced by wearing a robe.
 You were fast.
 You are dead.

Miscellaneous:
 You didn't encounter any bones levels.
 Total elapsed playing time was 24 minutes and 53 seconds.

Major events:
 Turn
    1: Draagus the neutral female human Monk entered the dungeon
  472: attained the rank of Novice (level 3)
 1251: entered the Gnomish Mines
 1752: reached Mine Town
 1882: attained the rank of Initiate (level 6)
 2128: killed by a spotted jelly

Spells:
 Name                 Level Category     Fail Retention
 healing                1   healing        0%   81%-90%

Skills:
 Fighting Skills
   martial arts       [Skilled]
 Weapon Skills
   quarterstaff       [Unskilled]
   spear              [Unskilled]
   crossbow           [Unskilled]
   shuriken           [Unskilled]
 Spellcasting Skills
   attack spells      [Unskilled]
   healing spells     [Basic]
   divination spells  [Unskilled]
   enchantment spells [Unskilled]
   clerical spells    [Unskilled]
   escape spells      [Unskilled]
   matter spells      [Unskilled]

Voluntary challenges:
 Character rerolling was not enabled.
 You followed a strict vegan diet.
 You never hit with a wielded weapon.
 You never genocided any monsters.
 You never polymorphed an object.
 You never changed form.
 You used no wishes.
Achievements:
 You attained the rank of Novice.
 You entered the Gnomish Mines.
 You entered Minetown.
 You entered a temple.
 You entered a shop.
 You attained the rank of Initiate.

 The Dungeons of Doom: levels 1 to 3
    Level 1:
       Some fountains, a grave, many trees.
    Level 2:
       An altar, many fountains.
    Level 3:
       Stairs down to The Gnomish Mines.
 The Gnomish Mines: levels 4 to 6
    Level 4:
    Level 5:
    Level 6: <- You were here.
       Some shops, a temple and an altar to Chih Sung-tzu, some fountains.
       Final resting place for
          you, killed by a spotted jelly.


Vanquished creatures:
  a small mimic
  a spotted jelly
  a bugbear
  6 wood nymphs
  a shrieker
  5 gnome leaders
  2 gnomish wizards
  6 dwarves
  a rothe
  a wererat
  a werejackal
 an iguana
  a hobbit
  a hobgoblin
  a giant rat
  a cave spider
 18 gnomes
  3 jackals
  2 goblins
  a sewer rat
  5 grid bugs
  3 lichens
  a kobold zombie
  2 newts
66 creatures vanquished.

No species were genocided or became extinct.

Game over:
                       ----------
                      /          \
                     /    REST    \
                    /      IN      \
                   /     PEACE      \
                  /                  \
                  |     Draagus      |
                  |      34 Au       |
                  |   killed by a    |
                  |  spotted jelly   |
                  |                  |
                  |                  |
                  |       2026       |
                 *|     *  *  *      | *
        _________)/\\_//(\/(/\)/\//\/|_)_______

Goodbye Draagus the Monk...

You died in The Gnomish Mines on dungeon level 6 with 2267 points,
and 34 pieces of gold, after 2128 moves.
You were level 6 with a maximum of 34 hit points when you died.

